| TOP OF THE 1ST |
|
San Antonio Missions batting - Pitching for Tucson Tarantulas : RHP Matt Wagner
|
|
Pitching: RHP Matt Wagner
|
|
|
Batting: LHB David Hulse
|
0-0: SINGLE (Line Drive, 9S, EV 93.1 MPH)
|
|
Batting: RHB Eric Owens
|
0-0: Ball 1-0: Called Strike 1-1: Called Strike 1-2: Fielders Choice at 2nd, 2-4 (Groundball, 15S, EV 65.0 MPH)
|
|
Batting: SHB Bill Doran
|
0-0: Foul Ball, location: 2F 0-1: Ball 1-1: Ball 2-1: Ball 3-1: Base on Balls Eric Owens to second
|
|
Batting: LHB Brooks Kieschnick
|
0-0: Ball 1-0: Swinging Strike 1-1: Hit by Pitch Eric Owens to third Bill Doran to second
|
|
Batting: RHB Kelly Stinnett
|
0-0: Foul Ball, location: 2F 0-1: Ball 1-1: Ball 2-1: Called Strike 2-2: Foul Ball, location: 2F 2-2: SINGLE (Line Drive, 8LS, EV 111.3 MPH) Eric Owens scores Bill Doran to third Brooks Kieschnick to second
|
|
Pitching: RHP James Baldwin
|
|
|
Batting: LHB Scott Livingstone
|
0-0: Called Strike 0-1: Foul Ball, location: 2F 0-2: Foul Ball, location: 2F 0-2: Fly out, F7 (Flyball, 7D, EV 106.3 MPH) Runner from 3rd tags up, SCORES, throw by LF Brooks Kieschnick to third
|
|
Batting: RHB Luis Sojo
|
0-0: Called Strike 0-1: Ball 1-1: Called Strike 1-2: Ball 2-2: Fielders Choice at 2nd, U4 (Groundball, 4M, EV 91.9 MPH)
|
| Top of the 1st over - 2 runs, 2 hits, 0 errors, 2 left on base; San Antonio 2 - Tucson 0 |
| BOTTOM OF THE 1ST |
|
Tucson Tarantulas batting - Pitching for San Antonio Missions : RHP Jack Armstrong
|
|
Pitching: RHP Jack Armstrong
|
|
|
Batting: RHB Barry Wesson
|
0-0: Ball 1-0: Swinging Strike 1-1: Foul Ball, location: 2F 1-2: SINGLE (Groundball, 4, EV 101.3 MPH) (infield hit)
|
|
Batting: RHB Ray Holbert
|
0-0: Ball 1-0: Called Strike 1-1: Ball 2-1: Foul Ball, location: 2F 2-2: Ball 3-2: Grounds into double play, 6-4-3 (Groundball, 6, EV 102.5 MPH)
|
|
Batting: SHB Tony Clark
|
0-0: Ball 1-0: Fly out, F9 (Line Drive, 9, EV 103.8 MPH)
|
| Bottom of the 1st over - 0 runs, 1 hit, 0 errors, 0 left on base; San Antonio 2 - Tucson 0 |
| TOP OF THE 2ND |
|
San Antonio Missions batting - Pitching for Tucson Tarantulas : RHP James Baldwin
|
|
Batting: RHB Mike Difelice
|
0-0: Ball 1-0: Foul Ball, location: 2F 1-1: Foul Ball, location: 2F 1-2: Ball 2-2: Strikes out swinging
|
|
Batting: SHB Alex Diaz
|
0-0: Ball 1-0: Called Strike 1-1: Ball 2-1: Fly out, F4 (Line Drive, 4, EV 70.6 MPH)
|
|
Batting: LHB David Hulse
|
0-0: Ball 1-0: Ball 2-0: Fly out, F5 (Popup, 5F, EV 68.1 MPH)
|
| Top of the 2nd over - 0 runs, 0 hits, 0 errors, 0 left on base; San Antonio 2 - Tucson 0 |
| BOTTOM OF THE 2ND |
|
Tucson Tarantulas batting - Pitching for San Antonio Missions : RHP Jack Armstrong
|
|
Batting: RHB Dave McCarty
|
0-0: Swinging Strike 0-1: Fly out, F4 (Popup, 3S, EV 85.6 MPH)
|
|
Batting: RHB Jack Voigt
|
0-0: Called Strike 0-1: Ball 1-1: Fly out, F7 (Flyball, 78XD, EV 85.0 MPH)
|
|
Batting: RHB Todd Dunn
|
0-0: Ball 1-0: Called Strike 1-1: Ball 2-1: Ball 3-1: Foul Ball, location: 2F 3-2: Strikes out swinging
|
| Bottom of the 2nd over - 0 runs, 0 hits, 0 errors, 0 left on base; San Antonio 2 - Tucson 0 |
| TOP OF THE 3RD |
|
San Antonio Missions batting - Pitching for Tucson Tarantulas : RHP James Baldwin
|
|
Batting: RHB Eric Owens
|
0-0: Ball 1-0: Ball 2-0: SINGLE (Flyball, 7LM, EV 87.5 MPH)
|
|
Batting: SHB Bill Doran
|
0-0: Ball 1-0: Ball 2-0: Ball 3-0: Called Strike 3-1: Foul Ball, location: 2F 3-2: Foul Ball, location: 2F 3-2: Foul Ball, location: 2F 3-2: SINGLE (Line Drive, 4MD, EV 94.4 MPH) Eric Owens to second Eric Owens to third
|
|
Pitching: RHP Sean Bergman
|
|
|
Batting: LHB Brooks Kieschnick
|
0-0: Ball 1-0: Swinging Strike 1-1: SINGLE (Groundball, 34D, EV 101.9 MPH) Eric Owens scores Bill Doran to second Runner from 2nd tries for 3rd, SAFE, throw by RF made to third
|
|
Batting: RHB Kelly Stinnett
|
0-0: Ball 1-0: 3-RUN HOME RUN (Flyball, 89XD, EV 111.9 MPH), Distance : 400 ft
|
|
Batting: LHB Scott Livingstone
|
0-0: Ground out 4-3 (Groundball, 4, EV 100.6 MPH)
|
|
Batting: RHB Luis Sojo
|
0-0: Ball 1-0: Ball 2-0: Swinging Strike 2-1: Ground out 6-3 (Groundball, 6, EV 84.4 MPH)
|
|
Batting: RHB Mike Difelice
|
0-0: Called Strike 0-1: Ground out 5-3 (Groundball, 56S, EV 86.3 MPH)
|
| Top of the 3rd over - 4 runs, 4 hits, 0 errors, 0 left on base; San Antonio 6 - Tucson 0 |
| BOTTOM OF THE 3RD |
|
Tucson Tarantulas batting - Pitching for San Antonio Missions : RHP Jack Armstrong
|
|
Batting: LHB Jorge Fabregas
|
0-0: Ground out 4-3 (Groundball, 4, EV 81.3 MPH)
|
|
Batting: SHB Hanley Frias
|
0-0: Called Strike 0-1: Ground out 4-3 (Groundball, 4, EV 102.5 MPH)
|
|
Batting: RHB Ralph Milliard
|
0-0: Ball 1-0: Ground out 6-3 (Groundball, 6, EV 86.9 MPH)
|
| Bottom of the 3rd over - 0 runs, 0 hits, 0 errors, 0 left on base; San Antonio 6 - Tucson 0 |
| TOP OF THE 4TH |
|
San Antonio Missions batting - Pitching for Tucson Tarantulas : RHP Sean Bergman
|
|
Batting: SHB Alex Diaz
|
0-0: Ball 1-0: Ball 2-0: Foul Ball, location: 2F 2-1: Fly out, F7 (Flyball, 78M, EV 88.8 MPH)
|
|
Batting: LHB David Hulse
|
0-0: Ground out 3-1 (Groundball, 34, EV 79.4 MPH)
|
|
Batting: RHB Eric Owens
|
0-0: Called Strike 0-1: Ball 1-1: Ball 2-1: Foul Ball, location: 2F 2-2: SINGLE (Flyball, 9LS, EV 98.8 MPH)
|
|
Pitching: RHP Calvin Schiraldi
|
|
|
Batting: SHB Bill Doran
|
0-0: Foul Ball, location: 2F 0-1: Swinging Strike 0-2: Ball 1-2: Ball 2-2: Fly out, F8 (Flyball, 8LS, EV 80.6 MPH)
|
| Top of the 4th over - 0 runs, 1 hit, 0 errors, 1 left on base; San Antonio 6 - Tucson 0 |
| BOTTOM OF THE 4TH |
|
Tucson Tarantulas batting - Pitching for San Antonio Missions : RHP Jack Armstrong
|
|
Batting: RHB Barry Wesson
|
0-0: Ball 1-0: Called Strike 1-1: SINGLE (Groundball, 3D, EV 107.5 MPH)
|
|
Batting: RHB Ray Holbert
|
0-0: Ball Barry Wesson steals 2nd base (no throw) 1-0: Ball 2-0: Foul Ball, location: 2F 2-1: Ball 3-1: Called Strike 3-2: DOUBLE (Line Drive, 9LS, EV 103.1 MPH) Barry Wesson scores
|
|
Batting: SHB Tony Clark
|
0-0: Called Strike 0-1: Foul Ball, location: 2F 0-2: Ball 1-2: DOUBLE (Line Drive, 89XD, EV 100.6 MPH) Ray Holbert scores
|
|
Batting: RHB Dave McCarty
|
0-0: Foul Ball, location: 2F 0-1: Ball 1-1: SINGLE (Groundball, 4MD, EV 98.8 MPH) Tony Clark to third
|
|
Batting: RHB Jack Voigt
|
0-0: Ball 1-0: Ball 2-0: Foul Ball, location: 2F 2-1: Called Strike 2-2: Strikes out looking
|
|
Batting: RHB Todd Dunn
|
0-0: Called Strike 0-1: Ball 1-1: SINGLE (Groundball, 56D, EV 109.4 MPH) Tony Clark scores Dave McCarty to second
|
|
Batting: LHB Jorge Fabregas
|
0-0: Ground out 5-3 (Groundball, 5S, EV 62.5 MPH) Dave McCarty to third Todd Dunn to second
|
|
Batting: SHB Hanley Frias
|
0-0: Called Strike 0-1: Ball 1-1: Foul Ball, location: 2F 1-2: Ball 2-2: Ball 3-2: Foul Ball, location: 2F 3-2: Strikes out looking
|
| Bottom of the 4th over - 3 runs, 5 hits, 0 errors, 2 left on base; San Antonio 6 - Tucson 3 |
| TOP OF THE 5TH |
|
San Antonio Missions batting - Pitching for Tucson Tarantulas : RHP Calvin Schiraldi
|
|
Batting: LHB Brooks Kieschnick
|
0-0: Foul Ball, location: 2F 0-1: Foul Ball, location: 2F 0-2: Ball 1-2: Foul Ball, location: 2F 1-2: Strikes out looking
|
|
Batting: RHB Kelly Stinnett
|
0-0: Ball 1-0: Ground out 5-3 (Groundball, 56S, EV 78.8 MPH)
|
|
Batting: LHB Scott Livingstone
|
0-0: SINGLE (Groundball, 4MD, EV 94.4 MPH)
|
|
Batting: RHB Luis Sojo
|
0-0: Ball 1-0: Ball 2-0: Swinging Strike 2-1: Ball 3-1: Foul Ball, location: 2F 3-2: Base on Balls Scott Livingstone to second
|
|
Pitching: RHP Jeff Shaw
|
|
|
Batting: RHB Mike Difelice
|
0-0: Ground out 1-3 (Groundball, 13, EV 86.9 MPH)
|
| Top of the 5th over - 0 runs, 1 hit, 0 errors, 2 left on base; San Antonio 6 - Tucson 3 |
| BOTTOM OF THE 5TH |
|
Tucson Tarantulas batting - Pitching for San Antonio Missions : RHP Jack Armstrong
|
|
Batting: RHB Ralph Milliard
|
0-0: Called Strike 0-1: Called Strike 0-2: Foul Ball, location: 2F 0-2: Ball 1-2: Reached on error, E5 (Groundball, 5S, EV 63.8 MPH)
|
|
Batting: RHB Barry Wesson
|
0-0: Ball Wild Pitch! Ralph Milliard to third 1-0: Ball 2-0: Foul Ball, location: 2F 2-1: Ball 3-1: Base on Balls
|
|
Batting: RHB Ray Holbert
|
0-0: Foul Ball, location: 2F 0-1: Foul Ball, location: 2F 0-2: SINGLE (Groundball, 56, EV 107.5 MPH) (infield hit) Ralph Milliard scores Barry Wesson to second
|
|
Batting: SHB Tony Clark
|
0-0: Ball 1-0: Fly out, F8 (Flyball, 78D, EV 91.3 MPH)
|
|
Batting: RHB Dave McCarty
|
0-0: Fielders Choice at 2nd, 4-6 (Groundball, 4M, EV 87.5 MPH) Barry Wesson to third
|
|
Batting: RHB Jack Voigt
|
0-0: Ball 1-0: Called Strike 1-1: Called Strike 1-2: SINGLE (Line Drive, 9S, EV 101.3 MPH) Barry Wesson scores Dave McCarty to second
|
|
Pitching: RHP Bob Scanlan
|
|
|
Batting: RHB Todd Dunn
|
0-0: Called Strike 0-1: SINGLE (Groundball, 34S, EV 71.9 MPH) (infield hit) Dave McCarty to third Jack Voigt to second
|
|
Batting: LHB Jorge Fabregas
|
0-0: Ground out U3 (Groundball, 34, EV 105.0 MPH)
|
| Bottom of the 5th over - 2 runs, 3 hits, 1 error, 3 left on base; San Antonio 6 - Tucson 5 |
| TOP OF THE 6TH |
|
San Antonio Missions batting - Pitching for Tucson Tarantulas : RHP Jeff Shaw
|
|
Batting: SHB Alex Diaz
|
0-0: Ball 1-0: Foul Ball, location: 2F 1-1: Called Strike 1-2: Ball 2-2: SINGLE (Line Drive, 6MD, EV 107.5 MPH)
|
|
Batting: LHB David Hulse
|
0-0: Fly out, F8 (Flyball, 8LM, EV 76.3 MPH)
|
|
Batting: RHB Eric Owens
|
0-0: Ball Alex Diaz is caught stealing 2nd base 2-4 1-0: Foul Ball, location: 2F 1-1: Foul Ball, location: 2F 1-2: Foul Ball, location: 2F 1-2: Ball 2-2: Foul Ball, location: 2F 2-2: Foul Ball, location: 2F 2-2: Ball 3-2: Fly out, F7 (Flyball, 7, EV 88.1 MPH)
|
| Top of the 6th over - 0 runs, 1 hit, 0 errors, 0 left on base; San Antonio 6 - Tucson 5 |
| BOTTOM OF THE 6TH |
|
Tucson Tarantulas batting - Pitching for San Antonio Missions : RHP Bob Scanlan
|
|
Batting: SHB Hanley Frias
|
0-0: Ball 1-0: Ball 2-0: Called Strike 2-1: Called Strike 2-2: Ball 3-2: SOLO HOME RUN (Flyball, 9D, EV 95.0 MPH), Distance : 372 ft
|
|
Batting: RHB Ralph Milliard
|
0-0: Ball 1-0: Called Strike 1-1: TRIPLE (Flyball, 9D, EV 102.5 MPH)
|
|
Batting: RHB Barry Wesson
|
0-0: Ball 1-0: Foul Ball, location: 2F 1-1: Ground out 5-3 (Groundball, 56S, EV 88.1 MPH)
|
|
Batting: RHB Ray Holbert
|
0-0: Swinging Strike 0-1: SINGLE (Line Drive, 4MD, EV 100.6 MPH) Ralph Milliard scores
|
|
Batting: SHB Tony Clark
|
0-0: Called Strike 0-1: Ball 1-1: Ball 2-1: Ball 3-1: SINGLE (Flyball, 9S, EV 91.9 MPH) Ray Holbert to second Runner from 2nd tries for 3rd, SAFE, no throw by RF
|
|
Batting: RHB Dave McCarty
|
0-0: Grounds into double play, 6-4-3 (Groundball, 6, EV 106.9 MPH)
|
| Bottom of the 6th over - 2 runs, 4 hits, 0 errors, 1 left on base; San Antonio 6 - Tucson 7 |
| TOP OF THE 7TH |
|
San Antonio Missions batting - Pitching for Tucson Tarantulas : RHP Jeff Shaw
|
|
Batting: SHB Bill Doran
|
0-0: Ball 1-0: Ball 2-0: Foul Ball, location: 2F 2-1: Ball 3-1: Base on Balls
|
|
Pitching: RHP Rich Loiselle
|
|
|
Batting: LHB Brooks Kieschnick
|
0-0: Ball 1-0: Reached on error, E7 (Flyball, 78S, EV 76.3 MPH) Bill Doran to second
|
|
Batting: RHB Kelly Stinnett
|
0-0: Swinging Strike 0-1: SINGLE (Line Drive, 89M, EV 98.8 MPH) Bill Doran to third Brooks Kieschnick to second
|
|
Batting: LHB Scott Livingstone
|
0-0: Ball 1-0: Ball 2-0: Swinging Strike 2-1: Ball 3-1: Called Strike 3-2: Strikes out swinging
|
|
Batting: RHB Luis Sojo
|
0-0: Called Strike 0-1: Ball 1-1: Ball 2-1: Ball 3-1: Base on Balls Bill Doran scores Brooks Kieschnick to third Kelly Stinnett to second
|
|
Batting: RHB Mike Difelice
|
0-0: Fly out, F8 (Flyball, 89M, EV 88.8 MPH) Runner from 3rd tags up, SCORES, no throw by CF
|
|
Batting: SHB Alex Diaz
|
0-0: Foul Ball, location: 2F 0-1: Called Strike 0-2: Foul Ball, location: 2F 0-2: Ball 1-2: Ball 2-2: Foul Ball, location: 2F 2-2: SINGLE (Flyball, 8RS, EV 90.6 MPH) Kelly Stinnett to third Luis Sojo to second Runner from 3rd tries for Home, SAFE, no throw by CF
|
|
Pitching: RHP Tim VanEgmond
|
|
|
Batting: LHB David Hulse
|
0-0: Fly out, F4 (Flyball, 4MD, EV 94.4 MPH)
|
| Top of the 7th over - 3 runs, 2 hits, 1 error, 2 left on base; San Antonio 9 - Tucson 7 |
| BOTTOM OF THE 7TH |
|
Tucson Tarantulas batting - Pitching for San Antonio Missions : RHP Bob Scanlan
|
|
Batting: RHB Jack Voigt
|
0-0: Called Strike 0-1: Called Strike 0-2: Ball 1-2: Reached on error, E5 (Groundball, 56S, EV 86.3 MPH)
|
|
Pitching: RHP Steve Olin
|
|
|
Batting: RHB Todd Dunn
|
0-0: Called Strike 0-1: Ball 1-1: Called Strike 1-2: Strikes out swinging
|
|
Batting: LHB Jorge Fabregas
|
0-0: Ball 1-0: Called Strike 1-1: Reached on error, E7 (Flyball, 78M, EV 83.8 MPH) Jack Voigt to second
|
|
Pinch Hitting: SHB Mark Whiten
|
0-0: Ball 1-0: Ball 2-0: Ball 3-0: Base on Balls Jack Voigt to third Jorge Fabregas to second
|
|
Batting: RHB Ralph Milliard
|
0-0: Foul Ball, location: 2F 0-1: Fly out, F8 (Flyball, 8RD, EV 96.3 MPH) Runner from 3rd tags up, SCORES, throw by CF Jorge Fabregas to third
|
|
Pinch Hitting: LHB Darryl Hamilton
|
0-0: Foul Ball, location: 2F 0-1: Ball 1-1: Ball 2-1: Ball 3-1: SINGLE (Groundball, 4MD, EV 101.9 MPH) Jorge Fabregas scores Mark Whiten to second Runner from 2nd tries for 3rd, SAFE, throw by CF made to third
|
|
Batting: RHB Ray Holbert
|
0-0: Ball 1-0: Swinging Strike 1-1: Ball 2-1: Ball 3-1: Fielders Choice at 2nd, 6-4 (Groundball, 6, EV 84.4 MPH)
|
| Bottom of the 7th over - 2 runs, 1 hit, 2 errors, 2 left on base; San Antonio 9 - Tucson 9 |
| TOP OF THE 8TH |
|
San Antonio Missions batting - Pitching for Tucson Tarantulas : RHP Tim VanEgmond
|
|
Now at SS: Wil Cordero
|
|
|
Now in CF: Darryl Hamilton
|
|
|
Batting: RHB Eric Owens
|
0-0: Hit by Pitch
|
|
Batting: SHB Bill Doran
|
0-0: Swinging Strike 0-1: Ball 1-1: Ball 2-1: Ball 3-1: Base on Balls Eric Owens to second
|
|
Batting: LHB Brooks Kieschnick
|
0-0: Ball 1-0: Ball 2-0: Ball 3-0: Called Strike 3-1: Base on Balls Eric Owens to third Bill Doran to second
|
|
Batting: RHB Kelly Stinnett
|
0-0: Ball 1-0: SINGLE (Flyball, 34D, EV 95.6 MPH) Eric Owens scores Bill Doran to third Brooks Kieschnick to second
|
|
Batting: LHB Scott Livingstone
|
0-0: Single, Error in OF, E9, batter to second base (Groundball, 3D, EV 101.3 MPH) Bill Doran scores Brooks Kieschnick scores Kelly Stinnett to third
|
|
Batting: RHB Luis Sojo
|
0-0: Swinging Strike 0-1: Ball 1-1: Ball 2-1: Ball 3-1: Ground out 1-3 (Groundball, 25, EV 64.4 MPH)
|
|
Pitching: RHP Keith Foulke
|
|
|
Batting: RHB Mike Difelice
|
0-0: Ball 1-0: Foul Ball, location: 2F 1-1: Foul Ball, location: 2F 1-2: Ball 2-2: Ground out 5-3 (Groundball, 56S, EV 86.3 MPH) Kelly Stinnett scores
|
|
Batting: SHB Alex Diaz
|
0-0: Ball 1-0: Ball 2-0: Called Strike 2-1: Ball 3-1: Called Strike 3-2: Foul Ball, location: 2F 3-2: SINGLE (Groundball, 56D, EV 95.6 MPH) Scott Livingstone to third Scott Livingstone scores
|
|
Batting: LHB David Hulse
|
0-0: Ball 1-0: Swinging Strike 1-1: Ball 2-1: Fly out, F8 (Line Drive, 8RD, EV 101.9 MPH)
|
| Top of the 8th over - 5 runs, 3 hits, 1 error, 1 left on base; San Antonio 14 - Tucson 9 |
| BOTTOM OF THE 8TH |
|
Tucson Tarantulas batting - Pitching for San Antonio Missions : RHP Steve Olin
|
|
Batting: SHB Tony Clark
|
0-0: Swinging Strike 0-1: Ground out 3-1 (Groundball, 34, EV 78.1 MPH)
|
|
Batting: RHB Dave McCarty
|
0-0: Ball 1-0: Ball 2-0: Foul Ball, location: 2F 2-1: Ball 3-1: Base on Balls
|
|
Batting: RHB Jack Voigt
|
0-0: Ball 1-0: Ball 2-0: Foul Ball, location: 2F 2-1: Swinging Strike 2-2: Ball 3-2: Foul Ball, location: 2F 3-2: Foul Ball, location: 2F 3-2: Fly out, F8 (Flyball, 8RXD, EV 91.9 MPH)
|
|
Batting: RHB Todd Dunn
|
0-0: Called Strike 0-1: Called Strike 0-2: SINGLE (Groundball, 34, EV 85.6 MPH) (infield hit) Dave McCarty to second
|
|
Batting: LHB Jorge Fabregas
|
0-0: Fly out, F8 (Flyball, 8RS, EV 95.6 MPH)
|
| Bottom of the 8th over - 0 runs, 1 hit, 0 errors, 2 left on base; San Antonio 14 - Tucson 9 |
| TOP OF THE 9TH |
|
San Antonio Missions batting - Pitching for Tucson Tarantulas : RHP Keith Foulke
|
|
Batting: RHB Eric Owens
|
0-0: Called Strike 0-1: Foul Ball, location: 2F 0-2: Ground out 5-3 (Groundball, 5, EV 88.1 MPH)
|
|
Batting: SHB Bill Doran
|
0-0: Ball 1-0: Ball 2-0: Swinging Strike 2-1: Foul Ball, location: 2F 2-2: SINGLE (Line Drive, 9S, EV 110.0 MPH)
|
|
Batting: LHB Brooks Kieschnick
|
0-0: Ball 1-0: Grounds into double play, 1-6-3 (Groundball, P, EV 87.5 MPH)
|
| Top of the 9th over - 0 runs, 1 hit, 0 errors, 0 left on base; San Antonio 14 - Tucson 9 |
| BOTTOM OF THE 9TH |
|
Tucson Tarantulas batting - Pitching for San Antonio Missions : RHP Steve Olin
|
|
Batting: RHB Wil Cordero
|
0-0: SINGLE (Groundball, 56D, EV 108.1 MPH)
|
|
Pitching: RHP Mauro Gozzo
|
|
|
Batting: RHB Ralph Milliard
|
0-0: Ball 1-0: Ball 2-0: Foul Ball, location: 2F 2-1: Foul Ball, location: 2F 2-2: Strikes out swinging
|
|
Batting: LHB Darryl Hamilton
|
0-0: Foul Ball, location: 2F 0-1: Called Strike 0-2: Ball 1-2: SINGLE (Groundball, 4S, EV 63.8 MPH) (infield hit) Wil Cordero to second
|
|
Batting: RHB Ray Holbert
|
0-0: Called Strike 0-1: Ball 1-1: Foul Ball, location: 2F 1-2: Foul Ball, location: 2F 1-2: Ball 2-2: Ball 3-2: SINGLE (Line Drive, 9LM, EV 107.5 MPH) Wil Cordero to third Darryl Hamilton to second
|
|
Pitching: LHP Graeme Lloyd
|
|
|
Batting: SHB Tony Clark
|
0-0: Fly out, F9 (Flyball, 9S, EV 81.3 MPH)
|
|
Batting: RHB Dave McCarty
|
0-0: Called Strike 0-1: Ball 1-1: Foul Ball, location: 2F 1-2: DOUBLE (Flyball, 78XD, EV 97.5 MPH) Wil Cordero scores Darryl Hamilton scores Ray Holbert to third
|
|
Batting: RHB Jack Voigt
|
0-0: Ball 1-0: DOUBLE (Flyball, 89D, EV 108.1 MPH) Ray Holbert scores Dave McCarty scores
|
|
Batting: RHB Todd Dunn
|
0-0: SINGLE (Flyball, 8LS, EV 91.3 MPH) Jack Voigt to third Runner from 3rd tries for Home, SAFE, throw by CF to home
|
|
Pinch Hitting: SHB Bip Roberts
|
0-0: Called Strike 0-1: Ball 1-1: Ground out 5-3 (Groundball, 56S, EV 81.9 MPH)
|
| Bottom of the 9th over - 5 runs, 6 hits, 0 errors, 1 left on base; San Antonio 14 - Tucson 14 |
| TOP OF THE 10TH |
|
San Antonio Missions batting - Pitching for Tucson Tarantulas : RHP Keith Foulke
|
|
Now at C: Cesar Devarez
|
|
|
Batting: RHB Kelly Stinnett
|
0-0: Foul Ball, location: 2F 0-1: Ball 1-1: Called Strike 1-2: Hit by Pitch
|
|
Pinch Runner at 1st Troy Neel:
|
|
|
Batting: LHB Scott Livingstone
|
0-0: Fly out, F7 (Flyball, 7LSF, EV 80.0 MPH)
|
|
Batting: RHB Luis Sojo
|
0-0: Ball 1-0: Foul Ball, location: 2F 1-1: SINGLE (Groundball, 6MD, EV 101.9 MPH) Troy Neel to second Runner from 2nd tries for 3rd, SAFE, no throw by CF
|
|
Batting: RHB Mike Difelice
|
0-0: Called Strike 0-1: Swinging Strike 0-2: Ball 1-2: SINGLE (Groundball, 5D, EV 104.4 MPH) Troy Neel scores Luis Sojo to second
|
|
Batting: SHB Alex Diaz
|
0-0: Ball 1-0: SINGLE (Flyball, 78S, EV 82.5 MPH) Luis Sojo to third Mike Difelice to second Runner from 3rd tries for Home, SAFE, no throw by LF
|
|
Batting: LHB David Hulse
|
0-0: Ball 1-0: Ball 2-0: Foul Ball, location: 2F 2-1: Fielders Choice at 2nd, 4-6 (Groundball, 4S, EV 88.1 MPH) Mike Difelice to third
|
|
Batting: RHB Eric Owens
|
0-0: Ball 1-0: SINGLE (Line Drive, 8LS, EV 100.6 MPH) Mike Difelice scores David Hulse to second Runner from 2nd tries for 3rd, SAFE, throw by CF made to third
|
|
Batting: SHB Bill Doran
|
0-0: Ball 1-0: Ball 2-0: Ball 3-0: Called Strike 3-1: Base on Balls Eric Owens to second
|
|
Batting: LHB Brooks Kieschnick
|
0-0: Foul Ball, location: 2F 0-1: Ball 1-1: Ball 2-1: GRAND SLAM HOME RUN (Flyball, 89XD, EV 95.6 MPH), Distance : 415 ft
|
|
Batting: LHB Troy Neel
|
0-0: Called Strike 0-1: Ball 1-1: Ball 2-1: Ball 3-1: Base on Balls
|
|
Batting: LHB Scott Livingstone
|
0-0: Ball 1-0: Foul Ball, location: 2F 1-1: Swinging Strike 1-2: Ball 2-2: Ball 3-2: Foul Ball, location: 2F 3-2: Base on Balls Troy Neel to second
|
|
Pitching: RHP Bob Wolcott
|
|
|
Batting: RHB Luis Sojo
|
0-0: Ball 1-0: Foul Ball, location: 2F 1-1: Swinging Strike 1-2: Ball 2-2: Foul Ball, location: 2F 2-2: Foul Ball, location: 2F 2-2: Ball 3-2: Base on Balls Troy Neel to third Scott Livingstone to second
|
|
Batting: RHB Mike Difelice
|
0-0: Called Strike 0-1: Foul Ball, location: 2F 0-2: Strikes out looking
|
| Top of the 10th over - 7 runs, 5 hits, 0 errors, 3 left on base; San Antonio 21 - Tucson 14 |
| BOTTOM OF THE 10TH |
|
Tucson Tarantulas batting - Pitching for San Antonio Missions : LHP Graeme Lloyd
|
|
Batting: RHB Wil Cordero
|
0-0: Fly out, F7 (Flyball, 7, EV 88.1 MPH)
|
|
Batting: RHB Ralph Milliard
|
0-0: Foul Ball, location: 2F 0-1: Called Strike 0-2: Foul Ball, location: 2F 0-2: Ball 1-2: Foul Ball, location: 2F 1-2: Ground out 5-3 (Groundball, 56, EV 83.1 MPH)
|
|
Batting: LHB Darryl Hamilton
|
0-0: Called Strike 0-1: Ground out 4-3 (Groundball, 4M, EV 84.4 MPH)
|
| Bottom of the 10th over - 0 runs, 0 hits, 0 errors, 0 left on base; San Antonio 21 - Tucson 14 |
|